 Dungeon Crawl Stone Soup version 0.27-a0-1591-gc56fcc985a (webtiles) character file.

Game seed: 17600464907430670654

4026 Sin92 the Warmonger (level 10, -4/77 HPs)
             Began as a Demonspawn Fighter on July 19, 2021.
             Was an Elder of Okawaru.
             Slain by a two-headed ogre (25 damage)
             ... on level 8 of the Dungeon.
             The game lasted 00:10:13 (10174 turns).

Sin92 the Warmonger (Demonspawn Fighter)           Turns: 10174, Time: 00:10:14

Health: -4/77      AC: 16    Str: 22    XL:     10   Next: 4%
Magic:  15/15      EV:  8    Int:  9    God:    Okawaru [****..]
Gold:   490        SH: 10    Dex: 13    Spells: 9/9 levels left

rFire    . . .     SeeInvis .   j - +4 war axe of the Onslaught {freeze, rC++ Str+2}
rCold    + + .     Faith    .   c - +0 kite shield
rNeg     . . .     Spirit   .   n - +3 chain mail
rPois    +         Reflect  .   (no helmet)
rElec    .         Harm     .   r - +0 cloak
rCorr    .         Rampage  .   (no gloves)
Will     .....                  (no boots)
Stlth    ..........             l - amulet of magic regeneration
HPRegen  0.22/turn              v - ring of poison resistance
MPRegen  0.39/turn              (no ring)

@: mighty
A: talons 1, thin metallic scales 1, foul stench 1, powered by pain 1
a: Renounce Religion, Heroism


You were on level 8 of the Dungeon.
You worshipped Okawaru.
Okawaru was greatly pleased with you.
You visited 1 branch of the dungeon, and saw 8 of its levels.
You also visited: Sewer.

You collected 490 gold pieces.

Inventory:

Hand Weapons
 a - a +1 war axe
 j - the +4 war axe of the Onslaught (weapon) {freeze, rC++ Str+2}
   (You found it on level 5 of the Dungeon)

   It freezes those it strikes, dealing additional cold damage.
   It can also slow down cold-blooded creatures.
   Str:       It affects your strength (+2).
   rC:        It greatly protects you from cold.
Missiles
 o - 3 curare-tipped darts (quivered)
Armour
 b - a +0 scale mail
 c - a +0 kite shield (worn)
 n - a +3 chain mail (worn)
 r - a +0 cloak (worn)
Jewellery
 l - an amulet of magic regeneration (around neck)
 v - a ring of poison resistance (left hand)
Scrolls
 e - a scroll of silence
 g - 3 scrolls of magic mapping
 m - 2 scrolls of fog
 p - a scroll of noise
 s - a scroll of enchant weapon
 t - 2 scrolls of blinking
 u - 2 scrolls of amnesia
Potions
 d - 8 potions of might
 f - a potion of haste
 h - 2 potions of cancellation {unknown}
 i - a potion of lignification {unknown}
 k - a potion of mutation
 q - 4 potions of flight
 w - a potion of curing
 x - 4 potions of brilliance {unknown}


   Skills:
 + Level 6.6 Fighting
 + Level 5.7 Axes
 + Level 6.1 Armour
 + Level 5.3 Dodging
 + Level 6.1 Shields
 + Level 7.1 Invocations


You had 9 spell levels left.
You didn't know any spells.
Your spell library contained the following spells:

 Spells                   Type           Power      Damage    Failure   Level
 Magic Dart               Conj           0%         1d3       100%        1
 Call Imp                 Summ           0%         N/A       100%        2
 Gell's Gravitas          Tloc           0%         N/A       100%        3
 Lesser Beckoning         Tloc           0%         N/A       100%        3
 Mephitic Cloud           Conj/Pois/Air  0%         N/A       100%        3
 Teleport Other           Tloc           0%         N/A       100%        3


Dungeon Overview and Level Annotations

Branches:
Dungeon (8/15)             Temple (0/1) D:7           Sewer (visited)
   Lair: D:8-11

Altars:
Ashenzari
Cheibriados
Hepliaklqana
Makhleb
Okawaru
Sif Muna
Yredelemnul

Shops:
D:6 *


Innate Abilities, Weirdness & Mutations

You have sharp toenails.
You are partially covered in thin metallic scales. (AC +2)
You may rarely emit foul miasma when damaged in melee.
You sometimes gain a little power by taking damage.


Message History

You slash the kobold! You freeze the kobold.
You kill the kobold!
Unknown command.
Found a stone staircase leading down.
The two-headed ogre hits you with a +0 giant club!
The two-headed ogre hits you with a +0 giant spiked club!
Unknown command.
There are monsters nearby!
You slash the two-headed ogre! You freeze the two-headed ogre!
Your kick misses the two-headed ogre.
The two-headed ogre is moderately wounded.
You block the orc's attack.
The two-headed ogre hits you with a +0 giant club!!
You focus on the pain.
You feel very mighty all of a sudden. The two-headed ogre barely misses you.
You block the orc's attack.
There are monsters nearby!
You are too injured to fight recklessly!
Unknown command.
There are monsters nearby!
You are too injured to fight recklessly!
Unknown command.
You are too injured to fight recklessly!
There are monsters nearby!
You slash the two-headed ogre! You freeze the two-headed ogre!
You claw the two-headed ogre, but do no damage.
The two-headed ogre is severely wounded.
The two-headed ogre hits you with a +0 giant club!
* * * LOW HITPOINT WARNING * * *
The two-headed ogre hits you but does no damage.
A lemure comes into view.
You block the orc's attack.
The lemure shouts!
You hit the two-headed ogre. You freeze the two-headed ogre.
You claw the two-headed ogre!
The two-headed ogre is almost dead.
You hear a howl!
An orc wizard comes into view. It is wielding a +0 mace.
The two-headed ogre hits you with a +0 giant club!!
You die...

.>o .5#. ...######
....... .###....#
.'.'...o# # #..O.###'####
#)).@^.......
#....))......
#............ #########
#............
........#####....########
...............###
........########
.###.#### .# #.#


You could see a two-headed ogre, a lemure, an orc wizard and an orc.

Vanquished Creatures
  A hornet (D:7)
  Prince Ribbit (D:7)
  4 yaks (D:7)
  2 steam dragons
  A water moccasin (D:7)
  Duvessa (D:7)
  2 orc warriors (D:7)
  2 sky beasts (D:7)
  A necrophage (D:5)
  A hornet zombie (D:8)
  2 centaurs
  4 phantoms
  2 ogres
  3 kobold brigands
  2 bullfrogs
  Dowan (D:7)
  A wyvern skeleton (D:7)
  A water moccasin skeleton (D:6)
  5 killer bees (D:5)
  2 howler monkeys (D:8)
  A gnoll shaman (D:5)
  Crazy Yiuf (D:7)
  2 orc priests
  3 centaur skeletons
  3 iguanas
  Terence (D:2)
  An orc wizard (D:5)
  A killer bee zombie (D:7)
  2 howler monkey zombies
  4 river rats (Sewer)
  6 adders
  7 gnolls
  A howler monkey skeleton (D:7)
  A shadow imp (D:4)
  An ufetubus (D:5)
  A worm (D:4)
  2 dart slugs
  12 orcs
  5 ball pythons
  3 endoplasms
  3 goblins
  8 hobgoblins
  11 jackals
  4 quokkas
  3 bats
  11 frilled lizards
  11 kobolds
  17 rats
165 creatures vanquished.

Vanquished Creatures (others)
  A jelly (D:4)
  2 jackals (D:4)
  19 plants (D:5)
22 creatures vanquished.

Grand Total: 187 creatures vanquished

Notes
Turn   | Place    | Note
-------+----------+-------------------------------------------
     0 | D:1      | Sin92 the Demonspawn Fighter began the quest for the Orb.
     0 | D:1      | Reached XP level 1. HP: 18/18 MP: 1/1
   527 | D:1      | Gained mutation: You are partially covered in thin metallic
                  | scales. (AC +2) [demonic ancestry]
   527 | D:1      | Reached XP level 2. HP: 24/24 MP: 2/2
  1367 | D:2      | Reached XP level 3. HP: 29/29 MP: 3/3
  1888 | D:2      | Reached skill level 1 in Dodging
  2202 | D:2      | Noticed Terence
  2208 | D:2      | Killed Terence
  2209 | D:2      | Gained mutation: You may rarely emit foul miasma when
                  | damaged in melee. [demonic ancestry]
  2209 | D:2      | Reached XP level 4. HP: 34/35 MP: 4/4
  2580 | D:3      | Found a shimmering blue altar of Sif Muna.
  3002 | D:3      | Noticed an ogre
  3006 | D:3      | Killed an ogre
  3007 | D:3      | Reached XP level 5. HP: 12/42 MP: 5/5
  3464 | D:3      | Found an iron altar of Okawaru.
  3559 | D:3      | Became a worshipper of Warmaster Okawaru
  3918 | D:4      | Noticed an ogre
  3925 | D:4      | Killed an ogre
  3926 | D:4      | Reached skill level 1 in Invocations
  3926 | D:4      | Gained mutation: You have sharp toenails. [demonic
                  | ancestry]
  3926 | D:4      | Reached XP level 6. HP: 8/48 MP: 6/6
  4672 | D:5      | Entered Level 5 of the Dungeon
  4824 | D:5      | Reached skill level 2 in Invocations
  4828 | D:5      | Reached XP level 7. HP: 21/55 MP: 8/8
  5040 | D:5      | Found a hazy altar of Hepliaklqana.
  5362 | D:5      | Found a glowing drain.
  5371 | Sewer    | Entered a sewer
  5799 | D:5      | Reached * piety under Okawaru
  5887 | D:5      | Reached skill level 3 in Invocations
  5993 | D:5      | Found a burning altar of Makhleb.
  6029 | D:5      | Identified the +4 war axe of the Onslaught {freeze, rC++
                  | Str+2}
  6539 | D:5      | Found a broken altar of Ashenzari.
  7060 | D:6      | Reached XP level 8. HP: 58/61 MP: 10/10
  7149 | D:6      | Found a basalt altar of Yredelemnul.
  7218 | D:6      | Reached skill level 4 in Invocations
  7219 | D:6      | Reached skill level 5 in Fighting
  7275 | D:6      | Found Buecohil's General Store.
  7761 | D:7      | Found a staircase to the Ecumenical Temple.
  7804 | D:7      | Reached ** piety under Okawaru
  7841 | D:7      | Reached skill level 5 in Armour
  7863 | D:7      | Reached skill level 5 in Shields
  7863 | D:7      | Reached skill level 5 in Invocations
  7907 | D:7      | Noticed Prince Ribbit
  7917 | D:7      | Killed Prince Ribbit
  8014 | D:7      | Gained mutation: You sometimes gain a little power by
                  | taking damage. [demonic ancestry]
  8014 | D:7      | Reached XP level 9. HP: 37/69 MP: 11/13
  8339 | D:7      | Found a runed translucent door.
  8340 | D:7      | Noticed Crazy Yiuf
  8614 | D:7      | Noticed Dowan
  8614 | D:7      | Noticed Duvessa
  8620 | D:7      | Killed Duvessa
  8620 | D:7      | Reached *** piety under Okawaru
  8640 | D:7      | Reached skill level 5 in Axes
  8641 | D:7      | Reached skill level 6 in Invocations
  8643 | D:7      | Killed Dowan
  8876 | D:7      | Found a snail-covered altar of Cheibriados.
  9125 | D:7      | Reached **** piety under Okawaru
  9132 | D:7      | Reached skill level 5 in Dodging
  9952 | D:7      | Killed Crazy Yiuf
  9953 | D:7      | Reached skill level 7 in Invocations
 10162 | D:8      | Reached XP level 10. HP: 74/77 MP: 15/15
 10166 | D:8      | Noticed a two-headed ogre
 10174 | D:8      | Slain by a two-headed ogre

Illustrated notes

Levels and vault maps discovered:
D:1:      dpeg_arrival_tiny_a, layout_basic
D:2:      layout_basic, minmay_cupped, uniq_terence
D:3:      layout_basic, okawaru_gym_becter, lemuel_tele_altar, serial_curves,
          eino_curves_04, eino_curves_02, eino_curves_01, eino_curves_01
D:4:      layout_rooms, dk_vineyard_2, lemuel_old_faithful
D:5:      layout_loops_ring, general_overflow_altar,
          cheibrodos_ashenzari_chains, nicolae_hepliaklqana_hazy_memory,
          portal_sewer_entry_d
D:6:      layout_cave_pools, mainiacjoe_overflow_concentric_impassable,
          serial_shops, shop, roderic_roman_lattice
D:7:      cheibrodos_barr_body, layout_basic, mainiacjoe_overflow_alcove_2,
          minmay_temple_entry_overgrown, uniq_duvessa, uniq_prince_ribbit1,
          uniq_crazy_yiuf_cottage
D:8:      layout_basic, gammafunk_ghost_grave, uniq_maggie, uniq_pikel,
          uniq_erica, uniq_grum

Skill      XL: |  1  2  3  4  5  6  7  8  9 |
---------------+----------------------------+-----
Axes           | 2 3 4 5 |  5.7
Shields        | 3 4 5 6 |  6.1
Armour         | 3 4 5 6 |  6.1
Dodging        | 1 2 3 4 5 |  5.3
Fighting       | 4 5 6 |  6.6
Invocations    | 1 2 3 5 7 |  7.1

Action                   |  1- 3 |  4- 6 |  7- 9 | 10-12 || total
-------------------------+-------+-------+-------+-------++-------
Melee: War axe           |   107 |   126 |   306 |     8 ||   547
       Kick              |       |    13 |    80 |     2 ||    95
Invok: Heroism           |       |       |     1 |       ||     1
  Use: Scroll            |       |    12 |    11 |       ||    23
       Potion            |       |       |     8 |       ||     8
Armor: Scale mail        |    80 |       |       |       ||    80
       Chain mail        |       |    89 |   212 |     2 ||   303
Dodge: Dodged            |    53 |    35 |   133 |     1 ||   222
Block: Kite shield       |    72 |    80 |   237 |     7 ||   396

Table legend: (Time is in decaauts)
 A = Elapsed time spent in this place.
 B = Non-inter-level travel time spent in this place.
 C = Inter-level travel time spent in this place.
 D = Time resting spent in this place.
 E = Time spent auto-exploring this place.
 F = Levels seen in this place.
 G = Mean time per level.
                   A        B        C        D        E       F      G
               +--------+--------+--------+--------+--------+-----+--------+
         Total |  10467 |  10307 |    160 |   2357 |   6434 |   9 | 1163.0 |
       Dungeon |  10046 |   9886 |    160 |   2357 |   6174 |   8 | 1255.8 |
         Sewer |    420 |    420 |      0 |      0 |    260 |   1 |  420.0 |
               +--------+--------+--------+--------+--------+-----+--------+

Top non-repeatable levels by time:
     D:7: 2254 daAuts
     D:4: 1608 daAuts
     D:3: 1488 daAuts
     D:1: 1408 daAuts
     D:5: 1399 daAuts
     D:2: 964 daAuts
     D:6: 725 daAuts
   Sewer: 420 daAuts
     D:8: 197 daAuts
